 Dungeon Crawl Stone Soup version 0.28-a0-1387-g3a22ab9bdc (webtiles) character file.

Game seed: 3045240124249343292

9 Deminshera the Skirmisher (level 2, 0/27 HPs)
             Began as a Hill Orc Abyssal Knight on Jan 2, 2022.
             Was an Initiate of Lugonu.
             Constricted to death by a ball python (1 damage)
             ... on level 1 of the Dungeon.
             The game lasted 00:00:28 (329 turns).

Deminshera the Skirmisher (Hill Orc Abyssal Knight)  Turns: 329, Time: 00:00:29

Health: 0/27       AC:  3    Str: 15    XL:     2   Next: 12%
Magic:  3/4        EV:  8    Int: 10    God:    Lugonu [......]
Gold:   32         SH:  0    Dex: 11    Spells: 1/1 levels left

rFire   . . .      SeeInvis .   a - +1 hand axe
rCold   . . .      Faith    .   (no shield)
rNeg    . . .      Spirit   .   b - +0 leather armour
rPois   .          Reflect  .   (no helmet)
rElec   .          Harm     .   (no cloak)
rCorr   .          Rampage  .   (no gloves)
Will    .....                   (no boots)
Stlth   +.........              (no amulet)
HPRegen 0.09/turn               (no ring)
MPRegen 0.09/turn               (no ring)

@: constricted
A: no striking features
a: Renounce Religion


You were on level 1 of the Dungeon.
You worshipped Lugonu.
Lugonu was noncommittal.
You visited 1 branch of the dungeon, and saw 1 of its levels.
You visited the Abyss 1 time.

You collected 32 gold pieces.

Inventory:

Hand Weapons
 a - a +1 hand axe (weapon)
Armour
 b - a +0 leather armour (worn)


   Skills:
 + Level 3.8 Fighting
 + Level 2.9 Axes
 + Level 2.4 Armour
 + Level 1.0 Dodging
 + Level 2.6 Invocations


You had one spell level left.
You didn't know any spells.
Your spell library was empty.

Dungeon Overview and Level Annotations

Branches:
Dungeon (1/15)

Altars:


Message History

The dart slug barely misses you.
You hit the dart slug.
You kill the dart slug!
Lugonu accepts your kill.
Your Dodging skill increases to level 1!
You have reached level 2!
You see here a dart slug corpse.
An endoplasm comes into view.
The endoplasm quivers.
A kobold comes into view. It is wielding a +0 short sword.
The kobold shouts!
A ball python and 2 rats come into view.
The ball python hisses angrily.
The rat bites something.
A goblin comes into view. It is wielding a +0 dagger.
The goblin shouts!
You see here a scroll labelled JACZUB FYALER.
The ball python bites you.
* * * LOW HITPOINT WARNING * * *
The ball python grabs you. The ball python constricts you.
You escape the ball python's grasp.
You hit the goblin.
The goblin is severely wounded.
The goblin hits you but does no damage.
You hit the goblin.
You kill the goblin!
Lugonu accepts your kill. The ball python barely misses you.
The ball python grabs you. The ball python constricts you.
* * * LOW HITPOINT WARNING * * *
You closely miss the ball python.
The ball python bites you but does no damage.
The ball python constricts you.
* * * LOW HITPOINT WARNING * * *
You barely miss the ball python. The ball python bites you.
* * * LOW HITPOINT WARNING * * *
The ball python constricts you. The ball python bites you.
* * * LOW HITPOINT WARNING * * *
The ball python constricts you.
You die...

................#
................###
................#.##
.......##.†........#
....... #..#.....#.#
.......#...##KJ.##
.. ...........###r##
.. ........#### #S#
. #######. #@#
#...####.####...
.......<.......
...####.####..( #.#
#.# #.# ... ...


You could see an endoplasm, a ball python, a kobold and a rat.

Vanquished Creatures
  A dart slug (D:1)
  2 ball pythons (D:1)
  A goblin (D:1)
  2 hobgoblins (D:1)
6 creatures vanquished.

Vanquished Creatures (others)
  A fungus (D:1)
1 creature vanquished.

Grand Total: 7 creatures vanquished

Notes
Turn   | Place    | Note
-------+----------+-------------------------------------------
     0 | Abyss:1  | Deminshera the Hill Orc Abyssal Knight began the quest for
                  | the Orb.
     0 | Abyss:1  | Reached XP level 1. HP: 19/19 MP: 2/2
    37 | Abyss:1  | Noticed a starcursed mass
    44 | Abyss:1  | Noticed a starcursed mass
    49 | D:1      | Escaped the Abyss
   307 | D:1      | Reached skill level 1 in Dodging
   307 | D:1      | Reached XP level 2. HP: 8/27 MP: 3/3
   329 | D:1      | HP: 1/27 [ball python (2)]
   329 | D:1      | Constricted to death by a ball python

Illustrated notes

Levels and vault maps discovered:
D:1:      roderic_crossed_star, layout_basic,
          shapermc_ecumenical_altar_acropolis

Skill      XL: |  1 |
---------------+----+-----
Dodging        | 1 |  1.0
Fighting       | |  3.8
Axes           | |  2.9
Armour         | |  2.4
Invocations    | |  2.6

Action                   || total
-------------------------++-------
Melee: Hand axe          ||    19
Invok: Depart the Abyss  ||     1
Armor: Leather armour    ||     7
Dodge: Dodged            ||    12

Table legend: (Time is in decaauts)
 A = Elapsed time spent in this place.
 B = Non-inter-level travel time spent in this place.
 C = Inter-level travel time spent in this place.
 D = Time resting spent in this place.
 E = Time spent auto-exploring this place.
 F = Levels seen in this place.
 G = Mean time per level.
                   A        B        C        D        E       F      G
               +--------+--------+--------+--------+--------+-----+--------+
         Total |    333 |    333 |      0 |      0 |    267 |   2 |  166.5 |
       Dungeon |    282 |    282 |      0 |      0 |    229 |   1 |  282.0 |
         Abyss |     50 |     50 |      0 |      0 |     38 |   1 |   50.0 |
               +--------+--------+--------+--------+--------+-----+--------+

Top non-repeatable levels by time:
     D:1: 282 daAuts
 Abyss:1: 50 daAuts
